 Dungeon Crawl Stone Soup version 0.23-a0-449-g8e4cbf7 (webtiles) character file.

77 galech the Skirmisher (level 4, -2/35 HPs)
             Began as a Demonspawn Fighter on Nov 21, 2018.
             Slain by an orc priest
             ... wielding a +0 mace
              (3 damage)
             ... on level 2 of the Dungeon.
             The game lasted 00:01:54 (1386 turns).

galech the Skirmisher (Demonspawn Fighter)          Turns: 1386, Time: 00:01:54

Health: -2/35      AC:  8    Str: 16    XL:     4   Next: 13%
Magic:  4/4        EV:  7    Int: 10    God:
Gold:   65         SH:  9    Dex: 13    Spells: 3/3 levels left

rFire    . . .     SeeInvis .   a - +0 war axe
rCold    . . .     Gourm    .   c - +0 shield
rNeg     . . .     Faith    .   b - +0 scale mail
rPois    .         Spirit   .   (no helmet)
rElec    .         Reflect  .   (no cloak)
rCorr    .         Harm     .   (no gloves)
MR       .....                  (no boots)
Stlth    ..........             (no amulet)
HPRegen  0.11/turn              h - ring of flight
MPRegen  0.09/turn              j - ring of wizardry

@: no status effects
A: iridescent scales 1, foul stench 1, rot immunity
a: Evoke Flight


You were on level 2 of the Dungeon.
You were not hungry.

You visited 1 branch of the dungeon, and saw 2 of its levels.

You collected 65 gold pieces.

Inventory:

Hand Weapons
 a - a +0 war axe (weapon)
Armour
 b - a +0 scale mail (worn)
 c - a +0 shield (worn)
Jewellery
 h - a ring of flight (left hand)
 j - a ring of wizardry (right hand)
Scrolls
 i - a scroll of fear {unknown}
 k - a scroll of magic mapping {unknown}
 l - a scroll of immolation {unknown}
 m - a scroll of teleportation {unknown}
 o - a scroll of identify {unknown}
Potions
 d - 2 potions of might
 n - a potion of lignification {unknown}
 q - a potion of ambrosia {unknown}
Comestibles
 f - 4 rations
 g - a chunk of flesh


   Skills:
 + Level 3.5 Fighting
 + Level 2.7 Axes
 + Level 3.2 Armour
 + Level 0.3 Dodging
 + Level 3.1 Shields


You had 3 spell levels left.
You didn't know any spells.
Your spell library was empty.

Dungeon Overview and Level Annotations

Branches:
Dungeon (2/15)

Altars:


Innate Abilities, Weirdness & Mutations

You are partially covered in iridescent scales. (AC +2)
You may emit foul miasma when damaged in melee.
You are immune to rotting.


Message History

Deactivating autopickup; reactivate with Ctrl-A.
The orc priest barely misses you.
You slash the orc priest!
The orc priest is almost dead.
You barely miss something. Something hits you.
The orc priest hits you but does no damage.
You hit the orc priest but do no damage.
The orc priest is almost dead.
You hit something.
You hear some strange, mumbled words.
A puff of flame appears from out of thin air!
The puff of flame hits you!
The orc priest mumbles some strange prayers to Beogh against you.
Beogh smites you!
* * * LOW HITPOINT WARNING * * *
Something hits you but does no damage.
You hit the orc priest.
The orc priest is almost dead.
You closely miss something. The orc priest hits you with a +0 mace.
You die...

.....######.#.#.♣♣♣...#.
..........#...P♣PPP##.
.........#PP.♣...# #.
####.####......♣P.# #.
#........%...♣♣...####.
#.##...##...♣PP........
#.##.#.........P...#..###.
#.......#{(##....#.#..###.
####..).o@<......#)#..#...
.......##†###.#..# #...P..
.......#.... ....#.#.÷P.P.
....o.?#...## #..#.##.♣...
♣........... #...P♣P..
♣......###..# ###.PP♣♣P
♣...... #.# #..P♣♣♣ .. .#
###...P ##..P


You could see an orc priest.

Vanquished Creatures
  2 adders
  3 oozes
  A leopard gecko (D:1)
  2 orcs (D:2)
  A ball python (D:2)
  6 bats
  4 giant cockroaches
  4 goblins
  4 hobgoblins (D:1)
  3 jackals (D:1)
  A kobold (D:1)
  2 quokkas (D:2)
  5 frilled lizards
  2 rats (D:1)
40 creatures vanquished.

Notes
Turn   | Place    | Note
-------+----------+-------------------------------------------
     0 | D:1      | galech the Demonspawn Fighter began the quest for the Orb.
     0 | D:1      | Reached XP level 1. HP: 18/18 MP: 1/1
   110 | D:1      | Gained mutation: You are immune to rotting. [demonic
                  | ancestry]
   110 | D:1      | Reached XP level 2. HP: 24/24 MP: 2/2
   322 | D:1      | Gained mutation: You are partially covered in iridescent
                  | scales. (AC +2) [demonic ancestry]
   322 | D:1      | Reached XP level 3. HP: 23/29 MP: 3/3
  1365 | D:1      | Gained mutation: You may emit foul miasma when damaged in
                  | melee. [demonic ancestry]
  1365 | D:1      | Reached XP level 4. HP: 34/35 MP: 4/4
  1385 | D:2      | HP: 1/35 [orc priest/divine providence (10)]
  1386 | D:2      | Slain by an orc priest

Vault maps used:
D:1:      dpeg_arrival_leaves_temple_mockup, minmay_ruptured
D:2:      overflow_temple_1_default, first_ration, serial_forest,
          infiniplex_forest_pool, infiniplex_forest_clump_curved,
          infiniplex_forest_clump_diagonal, infiniplex_forest_clump_C,
          infiniplex_forest_straight_5, infiniplex_forest_straight_4,
          infiniplex_forest_straight_2

Skill      XL: |  1  2 |
---------------+-------+-----
Shields        | 3 |  3.1
Axes           | 2 |  2.7
Armour         | 3 |  3.2
Fighting       | |  3.5
Dodging        | |  0.3

Action                   |  1- 3 |  4- 6 || total
-------------------------+-------+-------++-------
Melee: War axe           |   127 |    14 ||   141
  Use: Scroll            |     1 |       ||     1
  Eat: Chunk             |     2 |       ||     2
Armor: Scale mail        |    93 |     9 ||   102
Dodge: Dodged            |    53 |     6 ||    59
Block: Shield            |    76 |    12 ||    88

Table legend:
 A = Non-vault XP
 B = Vault XP
 C = Vault XP percentage of total XP
 D = Non-vault monster count
 E = Vault monster count
 F = Vault count percentage of total count
                 A         B        C        D         E       F
            +---------+---------+-------+---------+---------+-------
      Total |     101 |       9 |   8.2 |      34 |       6 |  15.0
            +---------+---------+-------+---------+---------+-------
        D:1 |      59 |       9 |  13.2 |      20 |       6 |  23.1
        D:2 |      42 |       0 |   0.0 |      14 |       0 |   0.0
            +---------+---------+-------+---------+---------+-------
